 Dungeon Sprint DCSS version 0.28.0-53-g5a82cb258f (webtiles) character file.

Game seed: 5182796744154764201

11 Zeld the Conjurer (level 2, -3/15 HPs)
             Began as a Deep Elf Conjurer on June 5, 2022.
             Slain by a scorpion (5 damage)
             ... in the Dungeon (Sprint IX: "|||||||||||||||||||||||||||||").
             The game lasted 00:00:30 (490 turns).

Zeld the Conjurer (Deep Elf Conjurer)                Turns: 490, Time: 00:00:31

Health: -3/15      AC:  2    Str:  4    XL:     2   Next: 13%
Magic:  0/3        EV: 12    Int: 22    God:
Gold:   0          SH:  0    Dex: 13    Spells: 6/9 levels left

rFire   . . .      SeeInvis .   h - +2 dagger (antimagic)
rCold   . . .      Faith    .   (no shield)
rNeg    . . .      Spirit   .   a - +0 robe
rPois   .          Reflect  .   (no helmet)
rElec   .          Harm     .   (no cloak)
rCorr   .          Rampage  .   (no gloves)
Will    .....      NoTele   +   (no boots)
Stlth   ++........              (no amulet)
HPRegen 0.05/turn               (no ring)
MPRegen 0.08/turn               (no ring)

@: no status effects
A: no striking features
a: no special abilities


You were in the Dungeon.
You visited 1 branch

Inventory:

Hand Weapons
 h - a +2 antimagic dagger (weapon)
Armour
 a - a +0 robe (worn)
Scrolls
 g - a scroll of blinking
Potions
 c - a potion of heal wounds
 d - a potion of haste
 f - a potion of berserk rage


   Skills:
 - Level 2.4 Dodging
 - Level 2.4 Stealth
 + Level 4.4 Spellcasting
 + Level 5.1 Conjurations
 - Level 2.0 Hexes
 - Level 2.0 Translocations


You had 6 spell levels left.
You knew the following spells:

 Your Spells              Type           Power      Damage    Failure   Level
a - Magic Dart            Conj           100%       1d8       1%          1
b - Searing Ray           Conj           54%        2d6       1%          2

Your spell library contained the following spells:

 Spells                   Type           Power      Damage    Failure   Level
 Dazzling Flash           Conj/Hex       40%        N/A       8%          3
 Fulminant Prism          Conj/Hex       10%        3d9       26%         4
 Iskenderun's Mystic Bla  Conj/Tloc      20%        2d6       26%         4


Dungeon Overview and Level Annotations

Branches:
Dungeon (1/1)

Altars:


Message History

(Press . to maintain the ray.)
The searing ray misses the scorpion.
The searing ray hits the jackal skeleton!
You destroy the jackal skeleton!
Unknown command.
The searing ray hits the scorpion!
The scorpion is severely wounded.
The searing ray hits the giant cockroach zombie!
You destroy the giant cockroach zombie!
Unknown command.
Without enough magic to sustain it, your searing ray dissipates.
The scorpion closely misses you.
Unknown command.
You hit the scorpion.
The scorpion is severely wounded.
The scorpion barely misses you. The scorpion closely misses you.
You hit the scorpion but do no damage.
The scorpion is severely wounded.
The scorpion stings you!
Ouch! That really hurt!
You are lethally poisoned!
The scorpion poisons you! Magic courses through your body.
* * * LOW HITPOINT WARNING * * *
You feel very sick. The scorpion barely misses you.
You feel better. The scorpion stings you!
Casting: Searing Ray (safe; 1% risk of failure)
Confirm with . or Enter, or press ? or * to list all spells.
Aiming: Searing Ray (safe; 1% risk of failure)
Press: ? - help, Shift-Dir - straight line, f/p - scorpion
Aim: a scorpion (severely wounded, 79% to hit)
The searing ray hits the scorpion.
The scorpion is almost dead. (Press . to maintain the ray.)
The scorpion stings you.
* * * LOW HITPOINT WARNING * * *
The searing ray hits the scorpion but does no damage.
The scorpion is almost dead.
The scorpion stings you.
You die... ▓▓▓▓▓▓▓▓▓▓▓▓▓▓▓▓▓▓ +...†)s@....'..)<▓ ▓▓▓▓▓▓▓▓▓▓▓▓▓▓▓▓▓▓

You could see a scorpion.

Vanquished Creatures
  An orc (D)
  A ball python (D)
  An endoplasm (D)
  2 goblins (D)
  A jackal (D)
  A giant cockroach zombie (D)
  A jackal skeleton (D)
  A rat (D)
9 creatures vanquished.

Notes
Turn   | Place    | Note
-------+----------+-------------------------------------------
     0 | D        | Zeld the Deep Elf Conjurer began the quest for the Orb.
     0 | D        | Reached XP level 1. HP: 10/10 MP: 6/6
     7 | D        | Reached skill level 1 in Hexes
     7 | D        | Reached skill level 1 in Translocations
   285 | D        | Noticed a scorpion
   288 | D        | Reached XP level 2. HP: 15/15 MP: 3/9
   290 | D        | Reached skill level 5 in Conjurations
   480 | D        | Learned a level 2 spell: Searing Ray
   490 | D        | Slain by a scorpion

Illustrated notes

Levels and vault maps discovered:
D:        linesprint [early_d, line_temple, items_1, d_10, items_2, lair_1,
          lair_end, items_3, orc_1, orc_end, items_4, d_15, swamp_1, shoals_1,
          snake_1, spider_1, d_20, vaults_1, items_5, swamp_end, shoals_end,
          snake_end, spider_end, vaults_end, d_27, items_6, zot_1, zot_end,
          crypt_end, forest_end, elf_end, slime_end, tomb_end, abyss_end,
          pan_hell_end]

Skill      XL: |  1  2 |
---------------+-------+-----
Hexes          | 2 |  2.0
Translocations | 2 |  2.0
Spellcasting   | 4 |  4.4
Conjurations   | 5 |  5.1
Dodging        | |  2.4
Stealth        | |  2.4

Action                   || total
-------------------------++-------
Melee: Dagger            ||     4
 Cast: Magic Dart        ||    10
       Searing Ray       ||     2
  Use: Potion            ||     3
 Stab: Sleeping          ||     2
Armor: Robe              ||     1
Dodge: Dodged            ||     9
